PCL
IOWA CUBS @ MEMPHIS REDBIRDS
04/10/2054
 
TOP OF THE 1ST
Nashville Sounds batting - Pitching for New Orleans Zephyrs : RHP Mark Rheaume
Pitching: RHP Mark Rheaume
Batting: LHB Chad McBride 0-0: Ball
1-0: Swinging Strike
1-1: Ground out 4-3 (Groundball, 4)
Batting: LHB Justin Gratton 0-0: Ball
1-0: Fly out, F8 (Line Drive, 8RD)
Batting: RHB Vincente Barrón 0-0: Ball
1-0: Ball
2-0: Foul Ball, location: 2F
2-1: Called Strike
2-2: Ball
3-2: Foul Ball, location: 2F
3-2: Strikes out swinging
Top of the 1st over - 0 runs, 0 hits, 0 errors, 0 left on base; Nashville 0 - New Orleans 0
BOTTOM OF THE 1ST
New Orleans Zephyrs batting - Pitching for Nashville Sounds : LHP Dan Colón
Pitching: LHP Dan Colón
Batting: RHB José Garza 0-0: Foul Ball, location: 2F
0-1: Ground out 6-3 (Groundball, 6)
Batting: RHB Félix Núñez 0-0: Ball
1-0: Called Strike
1-1: Called Strike
1-2: Strikes out looking
Batting: RHB Katsuyuk Johnson 0-0: Ball
1-0: Ball
2-0: Foul Ball, location: 2F
2-1: Ball
3-1: Called Strike
3-2: Base on Balls
Batting: RHB David Bramh 0-0: Called Strike
0-1: Ball
1-1: Ball
2-1: SINGLE (Groundball, 4MD)
Katsuyuk Johnson to second
Runner from 2nd tries for 3rd, SAFE, throw by CF made to third
Batting: LHB Daryle Brown 0-0: Ball
1-0: Ground out 1-3 (Groundball, 34S)
Bottom of the 1st over - 0 runs, 1 hit, 0 errors, 2 left on base; Nashville 0 - New Orleans 0
TOP OF THE 2ND
Nashville Sounds batting - Pitching for New Orleans Zephyrs : RHP Mark Rheaume
Batting: RHB Ramón Sánchez 0-0: Called Strike
0-1: Ball
1-1: Foul Ball, location: 2F
1-2: Ball
2-2: Ground out 6-3 (Groundball, 6)
Batting: LHB Paul Tenac 0-0: SINGLE (Flyball, 7S)
Batting: RHB Kyle Weaver 0-0: Called Strike
0-1: Ball
1-1: Called Strike
1-2: Ball
2-2: Strikes out swinging
Batting: RHB Simon Waddell 0-0: Called Strike
0-1: Hit by Pitch
Paul Tenac to second
Batting: SHB Yu Ta 0-0: Called Strike
0-1: Swinging Strike
0-2: Strikes out looking
Top of the 2nd over - 0 runs, 1 hit, 0 errors, 2 left on base; Nashville 0 - New Orleans 0
BOTTOM OF THE 2ND
New Orleans Zephyrs batting - Pitching for Nashville Sounds : LHP Dan Colón
Batting: RHB Mack López 0-0: Called Strike
0-1: Ball
1-1: Foul Ball, location: 2F
1-2: SINGLE (Groundball, 25) (infield hit)
Batting: LHB José Sánchez 0-0: Fielders Choice at 2nd, 4-6 (Groundball, 4MD)
Batting: RHB Jeremy Rodríguez 0-0: Ball
1-0: SINGLE (Groundball, 34D)
José Sánchez to second
Runner from 2nd tries for 3rd, SAFE, no throw by RF
Batting: SHB Vincent Britton 0-0: Ball
1-0: Called Strike
1-1: DOUBLE (Flyball, 89D)
José Sánchez scores
Jeremy Rodríguez to third
Batting: RHB José Garza 0-0: Ball
1-0: Ball
2-0: Swinging Strike
2-1: Swinging Strike
2-2: Ball
3-2: Strikes out swinging
Batting: RHB Félix Núñez 0-0: Ground out 1-3 (Groundball, 13)
Bottom of the 2nd over - 1 run, 3 hits, 0 errors, 2 left on base; Nashville 0 - New Orleans 1
TOP OF THE 3RD
Nashville Sounds batting - Pitching for New Orleans Zephyrs : RHP Mark Rheaume
Batting: RHB Tokutomi Takahashi 0-0: Fly out, F8 (Line Drive, 8RD)
Batting: LHB Chad McBride 0-0: Ball
1-0: Ground out 4-3 (Groundball, 4)
Batting: LHB Justin Gratton 0-0: Foul Ball, location: 2F
0-1: Ball
1-1: Ball
2-1: Called Strike
2-2: Foul Ball, location: 2F
2-2: Foul Ball, location: 2F
2-2: Strikes out swinging
Top of the 3rd over - 0 runs, 0 hits, 0 errors, 0 left on base; Nashville 0 - New Orleans 1
BOTTOM OF THE 3RD
New Orleans Zephyrs batting - Pitching for Nashville Sounds : LHP Dan Colón
Batting: RHB Katsuyuk Johnson 0-0: Ball
1-0: Called Strike
1-1: Ball
2-1: Ball
3-1: Swinging Strike
3-2: Ground out 5-3 (Groundball, 56)
Batting: RHB David Bramh 0-0: Foul Ball, location: 2F
0-1: Ground out 6-3 (Groundball, 6)
Batting: LHB Daryle Brown 0-0: Called Strike
0-1: Ball
1-1: Foul Ball, location: 2F
1-2: Ground out 1-3 (Groundball, 13)
Bottom of the 3rd over - 0 runs, 0 hits, 0 errors, 0 left on base; Nashville 0 - New Orleans 1
TOP OF THE 4TH
Nashville Sounds batting - Pitching for New Orleans Zephyrs : RHP Mark Rheaume
Batting: RHB Vincente Barrón 0-0: Called Strike
0-1: Swinging Strike
0-2: Ball
1-2: Ball
2-2: Ball
3-2: Foul Ball, location: 2F
3-2: Strikes out swinging
Batting: RHB Ramón Sánchez 0-0: Foul Ball, location: 2F
0-1: Ball
1-1: Ball
2-1: Ball
3-1: Foul Ball, location: 2F
3-2: Base on Balls
Batting: LHB Paul Tenac 0-0: Ball
1-0: Ball
2-0: DOUBLE (Line Drive, 3D)
Ramón Sánchez to third
Batting: RHB Kyle Weaver 0-0: Ground out 6-3 (Groundball, 6)
Ramón Sánchez scores
Batting: RHB Simon Waddell 0-0: Foul Ball, location: 2F
0-1: Ball
1-1: Fly out, F8 (Flyball, 8RS)
Top of the 4th over - 1 run, 1 hit, 0 errors, 1 left on base; Nashville 1 - New Orleans 1
BOTTOM OF THE 4TH
New Orleans Zephyrs batting - Pitching for Nashville Sounds : LHP Dan Colón
Batting: RHB Mack López 0-0: Ball
1-0: Ground out 6-3 (Groundball, 6)
Batting: LHB José Sánchez 0-0: Foul Ball, location: 2F
0-1: Ball
1-1: Foul Ball, location: 2F
1-2: SINGLE (Groundball, 34D)
Batting: RHB Jeremy Rodríguez 0-0: Called Strike
0-1: Foul Ball, location: 2F
0-2: Ball
1-2: SINGLE (Line Drive, 7LS)
José Sánchez to second
Batting: SHB Vincent Britton 0-0: Ball
1-0: Called Strike
1-1: Foul Ball, location: 2F
1-2: Ball
2-2: Fielders Choice at 2nd, 5-4 (Groundball, 56S)
José Sánchez to third
Batting: RHB José Garza 0-0: Foul Ball, location: 2F
0-1: Swinging Strike
0-2: Foul Ball, location: 2F
0-2: Ball
1-2: Foul Ball, location: 2F
1-2: Strikes out swinging
Bottom of the 4th over - 0 runs, 2 hits, 0 errors, 2 left on base; Nashville 1 - New Orleans 1
TOP OF THE 5TH
Nashville Sounds batting - Pitching for New Orleans Zephyrs : RHP Mark Rheaume
Batting: SHB Yu Ta 0-0: Ball
1-0: Called Strike
1-1: Foul Ball, location: 2F
1-2: Strikes out swinging
Batting: RHB Tokutomi Takahashi 0-0: Called Strike
0-1: Ball
1-1: Foul Ball, location: 2F
1-2: Ball
2-2: Strikes out looking
Batting: LHB Chad McBride 0-0: Foul Ball, location: 2F
0-1: Ball
1-1: DOUBLE (Line Drive, 8RXD)
Batting: LHB Justin Gratton 0-0: Ball
1-0: Called Strike
1-1: Ball
2-1: DOUBLE (Line Drive, 89M)
Chad McBride scores
Batting: RHB Vincente Barrón 0-0: Ball
1-0: Ball
2-0: Called Strike
2-1: Foul Ball, location: 2F
2-2: Foul Ball, location: 2F
2-2: Fly out, F7 (Line Drive, 7)
Top of the 5th over - 1 run, 2 hits, 0 errors, 1 left on base; Nashville 2 - New Orleans 1
BOTTOM OF THE 5TH
New Orleans Zephyrs batting - Pitching for Nashville Sounds : LHP Dan Colón
Batting: RHB Félix Núñez 0-0: Ball
1-0: Called Strike
1-1: Ball
2-1: Foul Ball, location: 2F
2-2: Ground out 4-3 (Groundball, 34)
Batting: RHB Katsuyuk Johnson 0-0: Ball
1-0: Ball
2-0: SINGLE (Flyball, 9S)
Batting: RHB David Bramh 0-0: Ball
1-0: Swinging Strike
1-1: Ball
2-1: Foul Ball, location: 2F
2-2: Ball
3-2: Foul Ball, location: 2F
3-2: Strikes out swinging
Batting: LHB Daryle Brown 0-0: Ball
Katsuyuk Johnson steals 2nd base
1-0: Foul Ball, location: 2F
1-1: SINGLE (Groundball, 4MD)
Katsuyuk Johnson to third
Runner from 3rd tries for Home, SAFE, no throw by CF
Batting: RHB Mack López 0-0: Ball
1-0: Ball
2-0: Ball
3-0: Base on Balls
Daryle Brown to second
Pitching: LHP Luis Andrade
Batting: LHB José Sánchez 0-0: Swinging Strike
0-1: Ball
1-1: Foul Ball, location: 2F
1-2: Strikes out looking
Bottom of the 5th over - 1 run, 2 hits, 0 errors, 2 left on base; Nashville 2 - New Orleans 2
TOP OF THE 6TH
Nashville Sounds batting - Pitching for New Orleans Zephyrs : RHP Mark Rheaume
Batting: RHB Ramón Sánchez 0-0: Ball
1-0: SOLO HOME RUN (Flyball, 9D), Distance : 355 ft
Batting: LHB Paul Tenac 0-0: Ball
1-0: Called Strike
1-1: Ball
2-1: Foul Ball, location: 2F
2-2: Foul Ball, location: 2F
2-2: Fly out, F7 (Flyball, 7LS)
Batting: RHB Kyle Weaver 0-0: Ground out 6-3 (Groundball, 6S)
Batting: RHB Simon Waddell 0-0: Swinging Strike
0-1: Ball
1-1: Swinging Strike
1-2: Strikes out swinging
Top of the 6th over - 1 run, 1 hit, 0 errors, 0 left on base; Nashville 3 - New Orleans 2
BOTTOM OF THE 6TH
New Orleans Zephyrs batting - Pitching for Nashville Sounds : LHP Luis Andrade
Batting: RHB Jeremy Rodríguez 0-0: Ball
1-0: Ground out 5-3 (Groundball, 56)
Batting: SHB Vincent Britton 0-0: Ball
1-0: Ball
2-0: Called Strike
2-1: SOLO HOME RUN (Flyball, 7D), Distance : 404 ft
Batting: RHB José Garza 0-0: Ball
1-0: Called Strike
1-1: Called Strike
1-2: Fly out, F6 (Popup, 6MS)
Batting: RHB Félix Núñez 0-0: Ground out 5-3 (Groundball, 5)
Bottom of the 6th over - 1 run, 1 hit, 0 errors, 0 left on base; Nashville 3 - New Orleans 3
TOP OF THE 7TH
Nashville Sounds batting - Pitching for New Orleans Zephyrs : RHP Mark Rheaume
Batting: SHB Yu Ta 0-0: Ball
1-0: Fly out, F6 (Line Drive, 6)
Batting: RHB Tokutomi Takahashi 0-0: Foul Ball, location: 2F
0-1: Ball
1-1: Ground out 6-3 (Groundball, 6)
Batting: LHB Chad McBride 0-0: Ball
1-0: Called Strike
1-1: Ball
2-1: Ball
3-1: Foul Ball, location: 2F
3-2: Base on Balls
Batting: LHB Justin Gratton 0-0: Ball
1-0: Ball
2-0: Called Strike
2-1: Ball
3-1: Called Strike
3-2: SINGLE (Line Drive, 9S)
Chad McBride to second
Chad McBride to third
Batting: RHB Vincente Barrón 0-0: Ball
1-0: Called Strike
Pickoff Throw to First - Error! E1
Chad McBride scores
Justin Gratton to second
1-1: Ball
2-1: Ball
3-1: DOUBLE (Line Drive, 7LM)
Justin Gratton scores
Pitching: RHP Perry Bennett
Batting: RHB Ramón Sánchez 0-0: Ball
1-0: Ball
2-0: Fly out, F9 (Line Drive, 9D)
Top of the 7th over - 2 runs, 2 hits, 1 error, 1 left on base; Nashville 5 - New Orleans 3
BOTTOM OF THE 7TH
New Orleans Zephyrs batting - Pitching for Nashville Sounds : LHP Luis Andrade
Batting: RHB Katsuyuk Johnson 0-0: Called Strike
0-1: Swinging Strike
0-2: Foul Ball, location: 2F
0-2: Strikes out swinging
Batting: RHB David Bramh 0-0: Ground out 6-3 (Groundball, 6)
Batting: LHB Daryle Brown 0-0: Called Strike
0-1: Ball
1-1: SINGLE (Line Drive, 34D)
Batting: RHB Mack López 0-0: Called Strike
0-1: Ball
1-1: Ball
2-1: Ball
3-1: Base on Balls
Daryle Brown to second
Pinch Runner at 2nd Tony Adenhart:
Pinch Hitting: RHB Raúl López 0-0: Ball
1-0: Ball
2-0: Foul Ball, location: 2F
2-1: Swinging Strike
2-2: Ball
3-2: SINGLE (Flyball, 78S)
Tony Adenhart to third
Mack López to second
Tony Adenhart scores
Mack López to third
Pitching: RHP Andy Bishop
Batting: RHB Jeremy Rodríguez 0-0: Ball
1-0: Foul Ball, location: 2F
1-1: Ball
2-1: Ball
3-1: Base on Balls
Raúl López to second
Batting: SHB Vincent Britton 0-0: Fly out, F6 (Popup, 15)
Bottom of the 7th over - 1 run, 2 hits, 0 errors, 3 left on base; Nashville 5 - New Orleans 4
TOP OF THE 8TH
Nashville Sounds batting - Pitching for New Orleans Zephyrs : RHP Perry Bennett
Now in LF: Raúl López
Batting: LHB Paul Tenac 0-0: Called Strike
0-1: Foul Ball, location: 2F
0-2: Ball
1-2: Strikes out looking
Batting: RHB Kyle Weaver 0-0: Called Strike
0-1: SINGLE (Line Drive, 7S)
Batting: RHB Simon Waddell 0-0: Ball
1-0: Ball
2-0: Ball
Kyle Weaver steals 2nd base
3-0: Base on Balls
Batting: SHB Yu Ta 0-0: Called Strike
0-1: Ball
1-1: Called Strike
1-2: Ball
2-2: Foul Ball, location: 2F
2-2: Fielders Choice at 2nd, 4-6 (Groundball, 4)
Kyle Weaver to third
Batting: RHB Tokutomi Takahashi 0-0: Foul Ball, location: 2F
0-1: DOUBLE (Line Drive, 7LD)
Kyle Weaver scores
Yu Ta to third
Runner from 3rd tries for Home, SAFE, no throw by LF
Pitching: RHP Sherman Bruce
Batting: LHB Chad McBride 0-0: Ball
1-0: Ball
2-0: Swinging Strike
2-1: Foul Ball, location: 2F
2-2: Foul Ball, location: 2F
2-2: Ground out U3 (Groundball, 3)
Top of the 8th over - 2 runs, 2 hits, 0 errors, 1 left on base; Nashville 7 - New Orleans 4
BOTTOM OF THE 8TH
New Orleans Zephyrs batting - Pitching for Nashville Sounds : RHP Andy Bishop
Batting: RHB José Garza 0-0: Ball
1-0: SINGLE (Groundball, 4D)
Batting: RHB Félix Núñez 0-0: Ball
1-0: Called Strike
1-1: Ball
2-1: Ball
3-1: Base on Balls
José Garza to second
Batting: RHB Katsuyuk Johnson 0-0: Called Strike
0-1: Foul Ball, location: 2F
0-2: Ball
1-2: Ball
2-2: Foul Ball, location: 2F
2-2: Foul Ball, location: 2F
2-2: Fielders Choice at 2nd, 4-6 (Groundball, 34)
José Garza to third
Batting: RHB David Bramh 0-0: Ball
1-0: Ball
2-0: Called Strike
2-1: Ball
3-1: Swinging Strike
3-2: Strikes out looking
Batting: RHB Tony Adenhart 0-0: Foul Ball, location: 2F
0-1: Swinging Strike
0-2: Ball
1-2: Strikes out swinging
Bottom of the 8th over - 0 runs, 1 hit, 0 errors, 2 left on base; Nashville 7 - New Orleans 4
TOP OF THE 9TH
Nashville Sounds batting - Pitching for New Orleans Zephyrs : RHP Sherman Bruce
Batting: LHB Justin Gratton 0-0: Ball
1-0: Ball
2-0: Ball
3-0: Called Strike
3-1: Ground out 4-3 (Groundball, 4)
Batting: RHB Vincente Barrón 0-0: Ground out 5-3 (Groundball, 5S)
Batting: RHB Ramón Sánchez 0-0: Called Strike
0-1: Swinging Strike
0-2: Foul Ball, location: 2F
0-2: Ball
1-2: Ball
2-2: Ball
3-2: Strikes out swinging
Top of the 9th over - 0 runs, 0 hits, 0 errors, 0 left on base; Nashville 7 - New Orleans 4
BOTTOM OF THE 9TH
New Orleans Zephyrs batting - Pitching for Nashville Sounds : RHP Andy Bishop
Pitching: RHP José García
Batting: RHB Mack López 0-0: Foul Ball, location: 2F
0-1: Ground out 1-3 (Groundball, 13)
Batting: RHB Raúl López 0-0: Fly out, F8 (Flyball, 78D)
Batting: RHB Jeremy Rodríguez 0-0: SOLO HOME RUN (Flyball, 89XD), Distance : 415 ft
Batting: SHB Vincent Britton 0-0: Called Strike
0-1: Foul Ball, location: 2F
0-2: Ball
1-2: Foul Ball, location: 2F
1-2: Ball
2-2: Foul Ball, location: 2F
2-2: Strikes out swinging
Bottom of the 9th over - 1 run, 1 hit, 0 errors, 0 left on base; Nashville 7 - New Orleans 5
Thursday, June 4th, 2020 - OOTP Baseball 20.8 Build 74